 Dungeon Crawl Stone Soup version 0.26-a0-784-g51bffae0b1 (webtiles) character file.

Game seed: 9712310341406843873

2 RaHiT the Sneak (level 1, -11/16 HPs)
             Began as an Octopode Delver on Nov 10, 2020.
             Mangled by an ogre
             ... wielding a +0 giant club
              (25 damage)
             ... on level 5 of the Dungeon.
             The game lasted 00:01:34 (26 turns).

RaHiT the Sneak (Octopode Delver)                     Turns: 26, Time: 00:01:35

Health: -11/16     AC:  1    Str: 11    XL:     1   Next: 40%
Magic:  1/1        EV: 13    Int: 12    God:
Gold:   12         SH:  0    Dex: 13    Spells: 0/0 levels left

rFire    . . .     SeeInvis .     - Unarmed
rCold    . . .     Faith    .   (no shield)
rNeg     . . .     Spirit   .   (helmet restricted)
rPois    .         Reflect  .   (no amulet)
rElec    .         Harm     .   (no ring)
rCorr    .         Rampage  .   (no ring)
MR       .....                  (no ring)
Stlth    ++++......             (no ring)
HPRegen  0.05/turn              (no ring)
MPRegen  0.07/turn              (no ring)
                                (no ring)
                                (no ring)

@: no status effects
A: almost no armour, stealthy swim, amphibious, 8 rings, constrict 8, camouflage
1, gelatinous body 1
a: no special abilities


You were on level 5 of the Dungeon.
You visited 1 branch of the dungeon, and saw 1 of its levels.

You collected 12 gold pieces.

Inventory:

Wands
 e - a wand of digging (2)
Scrolls
 a - a scroll of fog
 b - a scroll of identify {unknown}
 c - a scroll of fear
Potions
 d - a potion of haste


   Skills:
 - Level 3.0 Fighting
 - Level 2.0 Dodging
 + Level 6.8 Stealth
 - Level 2.0 Unarmed Combat


You couldn't memorise any spells.
You didn't know any spells.
Your spell library was empty.

Dungeon Overview and Level Annotations

Branches:
Dungeon (5/15)
 Temple: D:4-7

Altars:

Annotations:
D:5 1 runed translucent door, UristMcRaven's ghost, novice GnTm


Innate Abilities, Weirdness & Mutations

You cannot wear most types of armour.
You are very stealthy in the water. (Stealth+)
You are amphibious.
You can wear up to eight rings at the same time.
You can use your tentacles to constrict eight enemies at once.
Your skin changes colour to match your surroundings (Stealth+).
Your rubbery body absorbs attacks. (AC +1, EV +1)


Message History

Found 2 blue potions and a fizzy brown potion.
The jackal bites you.
You tentacle-slap the jackal but do no damage.
Your grab misses the jackal. The jackal completely misses you.
You tentacle-slap the jackal but do no damage.
You grab the jackal. You constrict the jackal. The jackal misses you.
You tentacle-slap the jackal.
The jackal is almost dead.
You constrict the jackal.
You kill the jackal!
You closely miss the jackal. Your grab misses the jackal. The jackal bites you.
You tentacle-slap the jackal. Your grab misses the jackal.
You squeeze the jackal.
You kill the jackal!
Found a scroll labeled WAT IKONOFFUEKK.
Found a runed translucent door.
You see here a scroll labeled WAT IKONOFFUEKK.
b - a scroll labeled WAT IKONOFFUEKK The ogre hits you with a +0 giant club!!
Ouch! That really hurt!
You die...

.........##..#*,,,,,,,,,,**>,,,,,
...O.....#*..##*,,,,,,,,****,,,,,
........####..#**,,,,,*** **,,,,,
.<..h..#*#....##**,,,** *,,,**,
......####.##..# ***** **,,****
.....####......### **,,,*
....#.##..###....# *,,,**
..>###...##⌠##...# **,,** ..##
#..##...##O@# ****,,** ##*
#.##..!..##.#* *,,,,,***
#.#⌠..♣..W+..#**,,,,,,,**
#.##..!..##...#*,,,,,,,,* *
#..##...##....#,,,,,,,,,* *
##..##⌠##..#...,,,,,,,,,* ** *
#...###..###...,,,,,,,,***,
*******,*......,,,....,,,,,,,**,,
,,,,,,,,,,,,,,,,,,,,,**,,,,,,*,,,


You could see an ogre and UristMcRaven's ghost.

Vanquished Creatures
  2 jackals (D:5)
2 creatures vanquished.

Notes
Turn   | Place    | Note
-------+----------+-------------------------------------------
     0 | D:5      | RaHiT the Octopode Delver began the quest for the Orb.
     0 | D:5      | Reached XP level 1. HP: 16/16 MP: 1/1
     4 | D:5      | Noticed an ogre
     9 | D:5      | Noticed UristMcRaven's ghost (novice GnTm)
    17 | D:5      | Found a runed translucent door.
    26 | D:5      | Mangled by an ogre

Illustrated notes

Levels and vault maps discovered:
D:5:      layout_cave_pods, lemuel_doored_altar, kennysheep_mini,
          hellmonk_ghost_happy_afterlife, serial_shops, shop,
          nicolae_ossuary_entry_false_entrances

Action                   || total
-------------------------++-------
Melee: Unarmed           ||     5
       Constrict         ||     1
       Tentacles         ||     1
Evoke: Wand              ||     1
  Use: Scroll            ||     1
Dodge: Dodged            ||     2

Table legend: (Time is in decaauts)
 A = Elapsed time spent in this place.
 B = Non-inter-level travel time spent in this place.
 C = Inter-level travel time spent in this place.
 D = Time resting spent in this place.
 E = Time spent auto-exploring this place.
 F = Levels seen in this place.
 G = Mean time per level.
                   A        B        C        D        E       F      G
               +--------+--------+--------+--------+--------+-----+--------+
         Total |     25 |     25 |      0 |      0 |      0 |   1 |   25.0 |
       Dungeon |     25 |     25 |      0 |      0 |      0 |   1 |   25.0 |
               +--------+--------+--------+--------+--------+-----+--------+

Top non-repeatable levels by time:
     D:5: 25 daAuts
